 Dungeon Crawl Stone Soup version 0.20.2-3-g29329e0561 (webtiles) character file.

68 Alfie the Shield-Bearer (level 4, -9/40 HPs)
             Began as a Minotaur Fighter on Sept 29, 2020.
             Mangled by Sigmund
             ... wielding a +0 scythe
              (11 damage)
             ... on level 3 of the Dungeon.
             The game lasted 00:03:15 (1175 turns).

Alfie the Shield-Bearer (Minotaur Fighter)          Turns: 1175, Time: 00:03:16

Health: -9/40      AC:  7    Str: 22    XL:     4   Next: 1%
Magic:  3/3        EV: 12    Int:  5    God:
Gold:   129        SH:  0    Dex:  9    Spells: 3/3 levels left

rFire    . . .     SeeInvis .   a - +1 long sword
rCold    . . .     Gourm    .   c - +0 shield
rNeg     . . .     Faith    .   b - +0 scale mail
rPois    .         Spirit   .   (helmet restricted)
rElec    .         Reflect  .   (no cloak)
rCorr    .         Harm     .   (no gloves)
MR       .....                  (no boots)
Stlth    ..........             (no amulet)
Regen    0.2/turn               g - +4 ring of evasion
MPRegen  0.1/turn               (no ring)

@: confused
A: retaliatory headbutt, horns 2
a: no special abilities


You were on level 3 of the Dungeon.
You were hungry.

You visited 1 branch of the dungeon, and saw 3 of its levels.

You collected 129 gold pieces.

Inventory:

Hand Weapons
 a - a +1 long sword (weapon)
Armour
 b - a +0 scale mail (worn)
 c - a +0 shield (worn)
Jewellery
 g - a +4 ring of evasion (left hand)
Scrolls
 h - 2 scrolls of teleportation
 m - a scroll of fear
 q - a scroll of identify
Potions
 d - a potion of might
 e - a potion of brilliance
 i - a potion of resistance {unknown}
 k - a potion of mutation {unknown}
 n - a potion of cancellation {unknown}
Comestibles
 f - 2 bread rations
 j - a meat ration
 p - a royal jelly


   Skills:
 + Level 4.1 Fighting
 + Level 3.2 Long Blades
 + Level 4.3 Armour
 + Level 0.9 Dodging
 + Level 4.3 Shields


You had 3 spell levels left.
You didn't know any spells.

Dungeon Overview and Level Annotations

Branches:
Dungeon (3/15)

Altars:
Kikubaaqudgha
Sif Muna

Annotations:
D:3 Sigmund


Innate Abilities, Weirdness & Mutations

You reflexively headbutt those who attack you in melee.
You have a pair of horns on your head.


Message History

Something hits you but does no damage.
You barely miss something. Your headbutt misses something. Something hits you.
You barely miss something. Something hits you!
You miss something. Something hits you.
* * * LOW HITPOINT WARNING * * *
You miss something. You headbutt something. You miss something.
You hear some strange, mumbled words.
You are confused.
You hear some strange, mumbled words.
A magic dart appears from out of thin air!
The magic dart hits you!
* * * LOW HITPOINT WARNING * * *
You completely miss something. Something hits you.
* * * LOW HITPOINT WARNING * * *
You bump into the rock wall.
Something hits you.
* * * LOW HITPOINT WARNING * * *
You bump into the rock wall.
Something hits you!
You die...

##._,**,,#.# *,* #.#
##*8..,8####.# #.#####.#
*#8#*..,##8##.# #.......#
*...##.##...#.# #####†####
*_,........_#.#####.......
*,,,#.⌠.#.{.#.......#.....
***8*#..{##8#......###.###
***#...###......## *#.#*
###.@...#####.#**,##*
####### *#.#,** * *..#****
*,)..,,, **.###** **,#* *
*,,,**** *,,,,,,, *,,,****


There were no monsters in sight!

Vanquished Creatures
  Terence (D:2)
  An adder (D:2)
  A worm (D:2)
  2 dart slugs (D:1)
  A ball python (D:1)
  2 giant cockroaches
  5 goblins
  2 hobgoblins (D:1)
  5 bats
  2 frilled lizards (D:2)
  A kobold (D:1)
  3 rats
26 creatures vanquished.

Notes
Turn   | Place    | Note
-------+----------+-------------------------------------------
     0 | D:1      | Alfie the Minotaur Fighter began the quest for the Orb.
     0 | D:1      | Reached XP level 1. HP: 19/19 MP: 0/0
   170 | D:1      | Reached XP level 2. HP: 27/27 MP: 1/1
   748 | D:2      | Noticed Terence
   763 | D:2      | Killed Terence
   763 | D:2      | Reached XP level 3. HP: 24/33 MP: 2/2
  1122 | D:3      | Reached XP level 4. HP: 40/40 MP: 3/3
  1157 | D:3      | Noticed Sigmund
  1158 | D:3      | Found an ancient bone altar of Kikubaaqudgha.
  1164 | D:3      | Found a deep blue altar of Sif Muna.
  1173 | D:3      | HP: 2/40 [something (4)]
  1175 | D:3      | Mangled by Sigmund

Skill      XL: |  1  2 |
---------------+-------+-----
Shields        | 4 |  4.3
Armour         | 4 |  4.3
Fighting       | 4 |  4.1
Long Blades    | 3 |  3.2
Dodging        | |  0.9

Action                   |  1- 3 |  4- 6 || total
-------------------------+-------+-------++-------
Melee: Long sword        |    66 |     9 ||    75
       Headbutt          |     7 |     2 ||     9
  Use: Scroll            |     4 |     3 ||     7
Armor: Scale mail        |    27 |       ||    27
Dodge: Dodged            |    39 |     1 ||    40
Block: Shield            |    48 |       ||    48
       Rpst.: Long sword |     8 |       ||     8
